 Dungeon Crawl Stone Soup version 0.32-a0-42-ga30500b4d3 (webtiles) character file.

Game seed: 13250296892560061080

26 demibob the Slasher (level 2, 24/24 HPs)
             Began as a Demonspawn Chaos Knight on Jan 30, 2024.
             Was a Plaything of Xom.
             Quit the game on level 1 of the Dungeon.
             The game lasted 00:00:56 (750 turns).

demibob the Slasher (Demonspawn Chaos Knight)        Turns: 750, Time: 00:00:57

Health: 24/24      AC:  5    Str: 12    XL:     2   Next: 89%
Magic:  2/2        EV: 11    Int: 12    God:    Xom [..*...]
Gold:   49         SH:  0    Dex: 12    Spells: 1/1 levels left

rFire   . . .        a - +0 falchion (chaos)
rCold   . . .        (no shield)
rNeg    . . .        b - +2 leather armour
rPois   .            (no helmet)
rElec   .            (no cloak)
rCorr   .            (no gloves)
SInv    .            (no boots)
Will    .....        (no amulet)
Stlth   +            (no ring)
HPRegen 0.24/turn    (no ring)
MPRegen 0.08/turn

%: no passive effects
@: about to teleport
A: hooves 1
a: Renounce Religion


You were on level 1 of the Dungeon.
You worshipped Xom.
You were a toy of Xom.
You visited 1 branch of the dungeon, and saw 1 of its levels.

You collected 49 gold pieces.


Innate Abilities, Weirdness & Mutations

You have large cloven feet.


   Skills:
 - Level 3.0 Fighting
 + Level 3.8 Long Blades
 - Level 1.7 Armour
 - Level 0.8 Dodging


You had one spell level left.
You didn't know any spells.
Your spell library contained the following spells:

 Spells                   Type           Power      Damage    Failure   Level
 Sting                    Conj/Alch      0%         1d3       38%         1
 Mercury Vapours          Alch/Air       0%         N/A       54%         2
 Olgreb's Toxic Radiance  Alch           0%         N/A       99%         4

Inventory:

Hand Weapons
 a - a +0 falchion of chaos (weapon)
Armour
 b - a +2 leather armour (worn)
Scrolls
 c - a scroll of butterflies
 d - 2 scrolls of teleportation {@r2}
Potions
 e - 2 potions of degeneration

Dungeon Overview and Level Annotations

Branches:
Dungeon (1/15)

Altars:

Shops:
D:1

( # #...# #
#...# # ###.###
# #.....# #
######.....####
#
#..)..†.......#
#.####.....##.#
#.# #.....##.#
##.####...####@#
###.#..##.###
#.# ...##...#.#
#.# ###.#..##.#
#.# ##.#.##.#
#[#
#.#.##.######.#
#.............#
###.##.########
#.##.#


There were no monsters in sight!


Message History

A bat is nearby!
A bat is nearby!
You hit the bat.
You kill the bat!
A hobgoblin comes into view.
The hobgoblin shouts!
A hobgoblin is nearby!
You see here a +0 long sword.
The hobgoblin hits you but does no damage.
You hit the hobgoblin but do no damage.
The hobgoblin flies into a frenzy!
Your kick misses the hobgoblin. The hobgoblin barely misses you.
The hobgoblin closely misses you.
You hit the hobgoblin. You freeze the hobgoblin. You kick the hobgoblin.
You kill the hobgoblin!
No target in view!
No target in view!
No target in view!
No target in view!
No target in view!
You see here a hobgoblin corpse.
Found a leather armour.
Done exploring.
Done exploring.
Done exploring.
As you read the scroll labelled MIVOHA DAUN, it crumbles to dust.
You feel strangely unstable.
It was a scroll of teleportation.
As you read the scroll labelled OGIADU ZAJUP, it crumbles to dust.
It is a scroll of identify.
e - 2 potions of degeneration Are you sure you want to abandon this character and quit the game? (Confirm with "yes".)

Skill      XL: |  1 |
---------------+----+-----
Long Blades    | 3 |  3.8
Fighting       | |  3.0
Armour         | |  1.7
Dodging        | |  0.8

Action                     || total
---------------------------++-------
  Melee: Falchion          ||    59
         Punch             ||     1
         Kick              ||     7
    Use: Scroll            ||     2
   Stab: Sleeping          ||     1
 Armour: Leather armour    ||    29
  Dodge: Dodged            ||    36

Levels and vault maps discovered:
D:1:      mrwooster_arrival_arrow, layout_loops_ring, serial_shops, shop

Notes
Turn   | Place    | Note
-------+----------+-------------------------------------------
     0 | D:1      | demibob the Demonspawn Chaos Knight began the quest for the
                  | Orb.
     0 | D:1      | Reached XP level 1. HP: 18/18 MP: 1/1
    31 | D:1      | XOM: silly message
   120 | D:1      | Reached skill level 3 in Long Blades
   173 | D:1      | You feel monstrous as your demonic heritage exerts itself.
   173 | D:1      | Discovered your monstrous ancestry.
   173 | D:1      | Gained mutation: You have large cloven feet. [demonic
                  | ancestry]
   173 | D:1      | Reached XP level 2. HP: 19/24 MP: 2/2
   176 | D:1      | XOM: divination: magic mapping
   288 | D:1      | Found Zoshele's Weapon Emporium.
   328 | D:1      | XOM: silly message
   750 | D:1      | Quit the game

Vanquished Creatures
  A dart slug (D:1)
  2 bats (D:1)
  3 endoplasms (D:1)
  A giant cockroach (D:1)
  2 goblins (D:1)
  2 hobgoblins (D:1)
  4 jackals (D:1)
  A quokka (D:1)
  A ball python (D:1)
  A frilled lizard (D:1)
  A kobold (D:1)
  2 rats (D:1)
21 creatures vanquished.

Table legend: (Time is in decaauts)
 A = Elapsed time spent in this place.
 B = Non-inter-level travel time spent in this place.
 C = Inter-level travel time spent in this place.
 D = Time resting spent in this place.
 E = Time spent auto-exploring this place.
 F = Levels seen in this place.
 G = Mean time per level.
                   A        B        C        D        E       F      G
               +--------+--------+--------+--------+--------+-----+--------+
         Total |    757 |    757 |      0 |      0 |    630 |   1 |  757.0 |
       Dungeon |    757 |    757 |      0 |      0 |    630 |   1 |  757.0 |
               +--------+--------+--------+--------+--------+-----+--------+

Top non-repeatable levels by time:
     D:1: 757 daAuts

Table legend:
 A = Non-vault XP
 B = Vault XP
 C = Vault XP percentage of total XP
 D = Non-vault monster count
 E = Vault monster count
 F = Vault count percentage of total count
                 A         B        C        D         E       F
            +---------+---------+-------+---------+---------+-------
      Total |      38 |       0 |   0.0 |      21 |       0 |   0.0
            +---------+---------+-------+---------+---------+-------
        D:1 |      38 |       0 |   0.0 |      21 |       0 |   0.0
            +---------+---------+-------+---------+---------+-------
